 Dungeon Crawl Stone Soup version 0.29.1-1-gd02db6906a (webtiles) character file.

Game seed: 10598743253571888241

21 mopl the Poker (level 2, -1/23 HPs)
             Began as a Palentonga Gladiator on Oct 21, 2022.
             Slain by a gnoll
             ... wielding a +0 spear
              (3 damage)
             ... on level 2 of the Dungeon.
             The game lasted 00:00:58 (962 turns).

mopl the Poker (Palentonga Gladiator)                Turns: 962, Time: 00:00:58

Health: -1/23      AC:  5    Str: 19    XL:     2   Next: 65%
Magic:  2/2        EV:  9    Int:  8    God:
Gold:   23         SH:  0    Dex: 11    Spells: 1/1 levels left

rFire   . . .      SeeInvis +   a - +0 trident
rCold   . . .      Faith    .   (no shield)
rNeg    . . .      Spirit   .   b - +0 leather armour
rPois   .          Reflect  .   c - +0 helmet
rElec   .          Harm     .   (no cloak)
rCorr   .          Rampage  .   (no gloves)
Will    .....                   (no barding)
Stlth   +.........              (no amulet)
HPRegen 0.07/turn               (no ring)
MPRegen 0.08/turn               (no ring)

@: no status effects
A: large, rugged brown scales 3, see invisible, deformed body, roll 1, armoured
tail
a: Rolling Charge


You were on level 2 of the Dungeon.
You visited 1 branch of the dungeon, and saw 2 of its levels.

You collected 23 gold pieces.

Inventory:

Hand Weapons
 a - a +0 trident (weapon)
Missiles
 d - 3 throwing nets
 e - a javelin
 j - 6 poisoned darts (quivered)
Armour
 b - a +0 leather armour (worn)
 c - a +0 helmet (worn)
Scrolls
 f - a scroll of amnesia {unknown}
 g - 2 scrolls of immolation {unknown}
 k - a scroll of identify {unknown}
Potions
 h - a potion of attraction {unknown}
 i - a potion of invisibility {unknown}
 l - a potion of degeneration {unknown}


   Skills:
 - Level 2.0 Fighting
 + Level 3.6 Polearms
 - Level 1.3 Throwing
 - Level 2.4 Dodging


You had one spell level left.
You didn't know any spells.
Your spell library contained the following spells:

 Spells                   Type           Power      Damage    Failure   Level
 Slow                     Hex            0%         N/A       45%         1
 Confusing Touch          Hex            0%         N/A       83%         3
 Dazzling Flash           Conj/Hex       0%         N/A       83%         3
 Vampiric Draining        Necr           0%         2d6       83%         3
 Agony                    Necr           0%         N/A       100%        5
 Silence                  Hex/Air        0%         N/A       100%        5


Dungeon Overview and Level Annotations

Branches:
Dungeon (2/15)

Altars:
Elyvilon


Innate Abilities, Weirdness & Mutations

You are completely covered in rugged brown scales. (AC +3, +7% HP)
You have supernaturally acute eyesight. (SInv)
Armour fits poorly on your strangely shaped body.
You can roll at nearby foes to attack.
You have a long armoured tail.


Message History

You kill the endoplasm!
No target in view!
No target in view!
Found a stone staircase leading up.
A bat comes into view.
A bat is nearby!
You miss the bat. The bat hits you but does no damage.
You miss the bat.
Your tail-slap misses the bat.
The bat hits you but does no damage.
You reach to attack!
You closely miss the bat. The bat barely misses you.
You reach to attack!
You puncture the bat!
You kill the bat!
No target in view!
No target in view!
You see here a bat corpse.
Found a sling.
You see here a +0 sling.
You open the door.
Found a stone staircase leading down.
There is an open door here.
As you open the door, it creaks loudly! 3 gnolls come into view.
The gnoll shouts! x3
A gnoll comes into view. It is wielding a +0 club.
The gnoll throws a throwing net.
The throwing net hits you.
You become entangled in the net!
Found a stone staircase leading up.
You struggle against the net.
The gnoll shouts!
You struggle against the net.
You struggle against the net.
You rip the net and break free!
The gnoll closely misses you. The gnoll hits you with a +0 spear!
There is an open door here.
You barely miss the gnoll. The gnoll hits you with a +0 spear.
* * * LOW HITPOINT WARNING * * *
You barely miss the gnoll. The gnoll hits you with a +0 spear.
* * * LOW HITPOINT WARNING * * *
You barely miss the gnoll. The gnoll hits you with a +0 spear.
You die...

#.#### ##.....##.....)...#.#
#.##.## ##.......#......##.#.#
#.#)..####...>.....#..........#
#........'.........+..........†
#.#...####.........####......##
#.##.## ##.......## ##.#...#
#.#### ##.....## ###.### #..
##...## #.# ### ##@## #.# #g#
#.# #g# #.


gg. ..< ..... #.... ....## You could see 4 gnolls.

Vanquished Creatures
  3 endoplasms
  A giant cockroach (D:2)
  5 goblins
  3 quokkas (D:1)
  3 ball pythons
  2 bats
  A rat (D:1)
18 creatures vanquished.

Notes
Turn   | Place    | Note
-------+----------+-------------------------------------------
     0 | D:1      | mopl the Palentonga Gladiator began the quest for the Orb.
     0 | D:1      | Reached XP level 1. HP: 17/17 MP: 1/1
   164 | D:1      | Reached skill level 3 in Polearms
   231 | D:1      | Reached XP level 2. HP: 22/23 MP: 2/2
   715 | D:2      | Found a white marble altar of Elyvilon.
   961 | D:2      | HP: 1/23 [gnoll/+0 spear (3)]
   962 | D:2      | Slain by a gnoll

Illustrated notes

Levels and vault maps discovered:
D:1:      co_arrival_random_square_maze, layout_loops_cross,
          minmay_misc_feat_plants
D:2:      layout_loops_corners, basic_altar,
          chequers_ecumenical_altar_simple_redux

Skill      XL: |  1 |
---------------+----+-----
Polearms       | 3 |  3.6
Fighting       | |  2.0
Throwing       | |  1.3
Dodging        | |  2.4

Action                   || total
-------------------------++-------
Melee: Trident           ||    50
       Tailslap          ||     6
 Stab: Sleeping          ||     1
Armor: Leather armour    ||    17
Dodge: Dodged            ||     9
